 Dungeon Crawl Stone Soup version 0.29-a0-323-g050149af67 (webtiles) character file.

Game seed: 5909669041232634468

97 zishaf the Shooter (level 4, -1/43 HPs)
             Began as a Naga Hunter on Apr 11, 2022.
             Slain by an orc
             ... wielding a +0 flail
              (6 damage)
             ... on level 3 of the Dungeon.
             The game lasted 00:02:57 (1954 turns).

zishaf the Shooter (Naga Hunter)                    Turns: 1954, Time: 00:02:58

Health: -1/43      AC:  3    Str: 13    XL:     4   Next: 68%
Magic:  4/4        EV:  9    Int: 10    God:
Gold:   113        SH:  0    Dex: 16    Spells: 3/3 levels left

rFire   . . .      SeeInvis +   a - +1 shortbow
rCold   . . .      Faith    .   (shield currently unavailable)
rNeg    . . .      Spirit   .   b - +0 leather armour
rPois   +          Reflect  .   (no helmet)
rElec   .          Harm     .   i - scarf {repulsion}
rCorr   .          Rampage  .   h - +0 pair of gloves
Will    .....                   (no barding)
Stlth   ++........              o - amulet of magic regeneration
HPRegen 0.14/turn               (no ring)
MPRegen 0.49/turn               (no ring)

@: repel missiles, very slow
A: AC +1, large, see invisible, deformed body, poison resistance, slowness 2,
spit poison 1, naga tail 1
a: Spit Poison


You were on level 3 of the Dungeon.
You visited 1 branch of the dungeon, and saw 3 of its levels.

You collected 113 gold pieces.

Inventory:

Hand Weapons
 a - a +1 shortbow (weapon)
 f - a +1 falchion of holy wrath
Armour
 b - a +0 leather armour (worn)
 h - a +0 pair of gloves (worn)
 i - a scarf of repulsion (worn)
Jewellery
 o - an amulet of magic regeneration (around neck)
Scrolls
 c - 3 scrolls of immolation
 e - 4 scrolls of identify {unknown}
 j - a scroll of enchant armour {unknown}
 m - a scroll of vulnerability {unknown}
 n - a scroll of teleportation {unknown}
 p - a scroll of silence {unknown}
Potions
 d - 2 potions of curing {unknown}
 g - a potion of attraction {unknown}
 k - a potion of resistance {unknown}
 l - 2 potions of haste {unknown}
 q - a potion of heal wounds {unknown}


   Skills:
 + Level 3.6 Fighting
 + Level 4.6 Bows
 - Level 1.5 Dodging
 - Level 1.5 Stealth


You had 3 spell levels left.
You didn't know any spells.
Your spell library contained the following spells:

 Spells                   Type           Power      Damage    Failure   Level
 Beastly Appendage        Tmut           0%         N/A       43%         1
 Sandblast                Erth           0%         2d4       43%         1
 Ensorcelled Hibernation  Hex/Ice        0%         N/A       58%         2
 Passwall                 Tmut/Erth      0%         N/A       58%         2
 Wereblood                Tmut           0%         N/A       58%         2
 Spider Form              Tmut/Pois      0%         N/A       82%         3
 Stone Arrow              Conj/Erth      0%         3d7       82%         3
 Summon Guardian Golem    Hex/Summ       0%         N/A       82%         3
 Anguish                  Hex/Necr       0%         N/A       99%         4
 Orb of Destruction       Conj           0%         9d5       100%        7
 Spellforged Servitor     Conj/Summ      0%         N/A       100%        7


Dungeon Overview and Level Annotations

Branches:
Dungeon (3/15)

Altars:
Trog


Innate Abilities, Weirdness & Mutations

Your serpentine skin is tough. (AC +1)
You have supernaturally acute eyesight. (SInv)
Armour fits poorly on your strangely shaped body.
Your system is resistant to poisons. (rPois)
You cover ground very slowly.
You can spit poison.
You have a snake-like lower body.


Message History

Aiming: Spit Poison (1% risk of failure)
Press: ? - help, Shift-Dir - straight line, f - orc priest, p - orc
Aim: an orc priest, wielding a +0 club and wearing a +0 scale mail (65% to hit)
The splash of poison misses the orc priest.
The orc completely misses you. The orc hits you with a +0 club.
The orc priest hits you with a +0 club.
Shoot: a) +1 shortbow
Press: ? - help, Q - select action, (/) - cycle Shift-Dir - straight line, f/p - orc priest
Aim: an orc priest, wielding a +0 club and wearing a +0 scale mail (68% to hit)
You shoot an arrow.
The arrow hits the orc priest but does no damage.
The orc barely misses you. The orc hits you with a +0 club.
The orc priest hits you with a +0 club.
Shoot: a) +1 shortbow
Press: ? - help, Q - select action, (/) - cycle Shift-Dir - straight line, f/p - orc priest
Aim: an orc priest, wielding a +0 club and wearing a +0 scale mail (68% to hit)
You shoot an arrow.
The arrow hits the orc priest but does no damage.
The orc barely misses you. The orc hits you but does no damage.
The orc priest hits you with a +0 club.
Shoot: a) +1 shortbow
Press: ? - help, Q - select action, (/) - cycle Shift-Dir - straight line, f/p - orc priest
Aim: an orc priest, wielding a +0 club and wearing a +0 scale mail (68% to hit)
You shoot an arrow.
The arrow closely misses the orc priest.
You have got your breath back.
The orc closely misses you. The orc hits you with a +0 club.
* * * LOW HITPOINT WARNING * * *
The orc priest hits you with a +0 club.
* * * LOW HITPOINT WARNING * * *
Shoot: a) +1 shortbow
Press: ? - help, Q - select action, (/) - cycle Shift-Dir - straight line, f/p - orc priest
Aim: an orc priest, wielding a +0 club and wearing a +0 scale mail (68% to hit)
You shoot an arrow. The arrow barely misses the orc priest.
The orc closely misses you. x2; The orc priest hits you with a +0 club.
* * * LOW HITPOINT WARNING * * *
The orc closely misses you.
The orc priest looks encouraged for a moment.
The orc hits you with a +0 flail.
You die...

♣.♣♣
#.....#####
♣..
#..........
♣.♣♣♣♣♣♣♣
#..........
♣..♣♣...♣♣
#..........
♣..♣.♣♣.♣♣ ♣
####.....(.
♣♣♣.♣.♣♣♣♣.♣
.♣ ###.......
♣♣♣♣...♣♣♣
♣.♣♣♣♣.♣
#.........
♣.♣.♣.♣♣
♣.♣♣oo.♣
#.........
...♣♣♣♣
♣...@o♣
#...)..###
.♣♣♣ ♣.....♣♣
#####....# ♣♣
♣.♣...♣
#........# ♣
♣.♣♣♣.♣
#........# ♣
.. ♣.♣
#........###
..♣ ♣.♣
#####....>..
♣.. ♣.♣
######.....##
..♣ ♣.♣
#...######.##
#...#..>..[..


You could see an orc priest and 2 orcs.

Vanquished Creatures
  2 adders (D:2)
  2 worms
  A dart slug (D:1)
  4 orcs (D:3)
  5 bats
  8 endoplasms
  6 giant cockroaches
  2 goblins (D:1)
  6 hobgoblins
  5 quokkas
  4 ball pythons
  7 frilled lizards
  3 kobolds
  7 rats
62 creatures vanquished.

Notes
Turn   | Place    | Note
-------+----------+-------------------------------------------
     0 | D:1      | zishaf the Naga Hunter began the quest for the Orb.
     0 | D:1      | Reached XP level 1. HP: 19/19 MP: 1/1
   329 | D:1      | Reached XP level 2. HP: 27/27 MP: 2/2
   454 | D:1      | Reached skill level 4 in Bows
   543 | D:1      | Reached XP level 3. HP: 27/33 MP: 3/3
  1255 | D:2      | Found a bloodstained altar of Trog.
  1323 | D:2      | Reached XP level 4. HP: 41/42 MP: 4/4
  1954 | D:3      | Slain by an orc

Illustrated notes

Levels and vault maps discovered:
D:1:      dpeg_arrival_another_circle, layout_loops_ring, chequers_mini_garden,
          minmay_hexomino_u4
D:2:      layout_rooms, basic_altar
D:3:      kb_forest_paths, layout_basic, ebering_ecumenical_altar_ruins

Skill      XL: |  1  2  3 |
---------------+----------+-----
Bows           | 4 |  4.6
Fighting       | 3 |  3.6
Dodging        | |  1.5
Stealth        | |  1.5

Action                   |  1- 3 |  4- 6 || total
-------------------------+-------+-------++-------
 Fire: Shortbow          |    93 |    74 ||   167
 Abil: Spit Poison       |     3 |     1 ||     4
Armor: Leather armour    |    19 |     5 ||    24
Dodge: Dodged            |    25 |    23 ||    48

Table legend: (Time is in decaauts)
 A = Elapsed time spent in this place.
 B = Non-inter-level travel time spent in this place.
 C = Inter-level travel time spent in this place.
 D = Time resting spent in this place.
 E = Time spent auto-exploring this place.
 F = Levels seen in this place.
 G = Mean time per level.
                   A        B        C        D        E       F      G
               +--------+--------+--------+--------+--------+-----+--------+
         Total |   2503 |   2482 |     21 |    116 |   1953 |   3 |  834.3 |
       Dungeon |   2503 |   2482 |     21 |    116 |   1953 |   3 |  834.3 |
               +--------+--------+--------+--------+--------+-----+--------+

Top non-repeatable levels by time:
     D:1: 1244 daAuts
     D:2: 783 daAuts
     D:3: 475 daAuts
